 Dungeon Crawl Stone Soup version 0.29-a0-410-g9596d59a08 (webtiles) character file.

Game seed: 16026607720575260378

4 101zpm the Magician (level 1, -2/15 HPs)
             Began as a Djinni Fire Elementalist on May 14, 2022.
             Slain by Terence
             ... wielding a +0 mace
              (10 damage)
             ... on level 2 of the Dungeon.
             The game lasted 00:01:00 (421 turns).

101zpm the Magician (Djinni Fire Elementalist)       Turns: 421, Time: 00:01:02

Health: -2/15      AC:  2    Str:  7    XL:     1   Next: 66%
Gold:   0          EV: 12    Int: 16    God:
                   SH:  0    Dex: 13

rFire   + + .      SeeInvis .   (no weapon)
rCold   x . .      Faith    .   (no shield)
rNeg    . . .      Spirit   .   a - +0 robe
rPois   ∞          Reflect  .   (no helmet)
rElec   .          Harm     .   (no cloak)
rCorr   .          Rampage  .   (no gloves)
Will    .....                   (boots unavailable)
Stlth   ++........              (no amulet)
HPRegen 0.05/turn               (no ring)
MPRegen 0.00/turn               (no ring)

@: flying
A: sickness immunity, fire resistance 2, cold vulnerability 1, float, innate
caster, HP casting, extra vitality 1
a: no special abilities


You were on level 2 of the Dungeon.
You visited 1 branch of the dungeon, and saw 3 of its levels.

Inventory:

Armour
 a - a +0 robe (worn)
Scrolls
 b - 3 scrolls of magic mapping {unknown}
 c - a scroll of teleportation {unknown}


   Skills:
 + Level 2.2 Dodging
 + Level 1.6 Stealth
 + Level 2.6 Spellcasting


You couldn't memorise any spells.
You knew the following spells:

 Your Spells              Type           Power      Damage    Failure   Level
a - Foxfire               Conj/Fire      40%        2x1d6     7%          1
b - Scorch                Fire           20%        2d6       10%         2
c - Conjure Flame         Conj/Fire      10%        6-21      21%         3
d - Inner Flame           Hex/Fire       10%        N/A       21%         3
e - Flame Wave            Conj/Fire      10%        2d5       54%         4
Your spell library was empty.

Dungeon Overview and Level Annotations

Branches:
Dungeon (3/15)

Altars:

Annotations:
D:2 Terence


Innate Abilities, Weirdness & Mutations

You are immune to sickness and miasma.
You are immune to poison.
Your flesh is very heat resistant. (rF++)
You are vulnerable to cold. (rC-)
You float through the air rather than walking.
You learn spells naturally, not from books.
Your magical power is your life essence.
You have superior vitality. (+4 MHP)


Message History

Confirm with . or Enter, or press ? or * to list all spells.
You aren't experienced enough to cast this spell.
Your foxfire dissipates!
A gnoll sergeant and a gnoll come into view.
The gnoll sergeant shouts!
The gnoll shouts!
The foxfire hits the gnoll.
The gnoll is lightly wounded.
The gnoll throws a throwing net.
The throwing net barely misses you.
You see here a throwing net.
There is a stone staircase leading up here.
You fly upwards.
There is a stone staircase leading down here.
HP restored.
Found a stone staircase leading up.
Found a short sword.
There is a stone staircase leading up here.
Terence the Incautious comes into view.
He is wielding a +0 mace.
Casting: Foxfire (safe; 7% risk of failure)
Confirm with . or Enter, or press ? or * to list all spells.
You aren't experienced enough to cast this spell.
You conjure some foxfire!
You conjure some foxfire!
The foxfire hits Terence but does no damage.
You conjure some foxfire!
The foxfire hits Terence but does no damage.
You conjure some foxfire!
The foxfire hits Terence.
Terence is lightly wounded.
The foxfire hits Terence.
Terence is lightly wounded.
You conjure some foxfire!
There is not enough space to conjure foxfire!
Your foxfire dissipates!
The foxfire hits Terence but does no damage.
Terence is lightly wounded.
Your foxfire dissipates!
Terence hits you with a +0 mace.
There is a stone staircase leading up here.
Terence hits you with a +0 mace!
Ouch! That really hurt!
You die...

....##......>..#
#..#..#......#
#....########
..###)....#
..........#
....###.### ...
#...#
#..######.#
.....§§§@.#
##.#####@.# #..#
#..# #..# ....
..... .....


You could see Terence.

Vanquished Creatures
  An endoplasm (D:2)
  A kobold (D:2)
  A frilled lizard (D:2)
  A rat (D:2)
4 creatures vanquished.

Vanquished Creatures (others)
  30 foxfires
30 creatures vanquished.

Grand Total: 34 creatures vanquished

Notes
Turn   | Place    | Note
-------+----------+-------------------------------------------
     0 | D:1      | 101zpm the Djinni Fire Elementalist began the quest for the
                  | Orb.
     0 | D:1      | Reached XP level 1. HP: 15/15 MP: 0/0
   390 | D:3      | Noticed a gnoll sergeant
   414 | D:2      | Noticed Terence
   421 | D:2      | Slain by Terence

Illustrated notes

Levels and vault maps discovered:
D:1:      dpeg_arrival_central, layout_loops_ring, ebering_ecumenical_altar_rust
D:2:      kennysheep_big_flooded_room, layout_rooms, uniq_sigmund, uniq_terence
D:3:      layout_loops_corners, serial_shops, nicolae_shop_behind_doors,
          roderic_batcave, grunt_ministairs_14

Action                   || total
-------------------------++-------
 Cast: Foxfire           ||    19
Dodge: Dodged            ||     2

Table legend: (Time is in decaauts)
 A = Elapsed time spent in this place.
 B = Non-inter-level travel time spent in this place.
 C = Inter-level travel time spent in this place.
 D = Time resting spent in this place.
 E = Time spent auto-exploring this place.
 F = Levels seen in this place.
 G = Mean time per level.
                   A        B        C        D        E       F      G
               +--------+--------+--------+--------+--------+-----+--------+
         Total |    421 |    405 |     16 |      0 |    364 |   3 |  140.3 |
       Dungeon |    421 |    405 |     16 |      0 |    364 |   3 |  140.3 |
               +--------+--------+--------+--------+--------+-----+--------+

Top non-repeatable levels by time:
     D:2: 299 daAuts
     D:3: 96 daAuts
     D:1: 25 daAuts
